 Dungeon Crawl Stone Soup version 0.25-a0-734-g73332aeda9 (webtiles) character file.

Game seed: 12545590438985910084, levelgen mode: deterministic

4651 kipponium the Zephyrmancer (level 10, -8/50 HPs)
             Began as a Tengu Air Elementalist on Apr 10, 2020.
             Was a Believer of the Shining One.
             Mangled by a komodo dragon (25 damage)
             ... on level 10 of the Dungeon.
             The game lasted 00:58:39 (12573 turns).

kipponium the Zephyrmancer (TeAE)                  Turns: 12573, Time: 00:58:40

Health: -8/50      AC: 10    Str:  9    XL:     10   Next: 43%
Magic:  2/18       EV: 13    Int: 17    God:    the Shining One [**....]
Gold:   383        SH:  0    Dex: 16    Spells: 4/19 levels left

rFire    + . .     SeeInvis .   e - +2 flail (holy)
rCold    . . .     Gourm    .   (no shield)
rNeg     + . .     Faith    .   o - +2 ring mail {rF+}
rPois    .         Spirit   .   (helmet restricted)
rElec    .         Reflect  .   p - scarf {repulsion}
rCorr    .         Harm     .   t - +0 pair of gloves
MR       .....                  (boots unavailable)
Stlth    +.........             l - amulet of rage
HPRegen  0.16/turn              (no ring)
MPRegen  0.16/turn              (no ring)

@: flying quickly and evasively, glowing, repel missiles, quick
A: beak, talons 3, able to fly
a: Stop Flying, Divine Shield, Renounce Religion, Evoke Berserk Rage


You were on level 10 of the Dungeon.
You worshipped the Shining One.
The Shining One was pleased with you.
You were near starving.

You visited 2 branches of the dungeon, and saw 10 of its levels.

You collected 383 gold pieces.

Inventory:

Hand Weapons
 e - a +2 flail of holy wrath (weapon)
 h - a +1 whip
Missiles
 q - 5 atropa-tipped darts
 s - 43 poisoned darts (quivered)
Armour
 o - a +2 ring mail of fire resistance (worn)
 p - a scarf of repulsion (worn)
 t - a +0 pair of gloves (worn)
 v - a +2 leather armour of poison resistance
 z - a +0 buckler
 B - a +0 kite shield
Jewellery
 l - an amulet of rage (around neck)
Wands
 a - a wand of flame (11)
 x - a wand of digging (6)
 y - a wand of iceblast (2)
Scrolls
 b - 3 scrolls of fear {unknown}
 g - 2 scrolls of remove curse
 i - 5 scrolls of amnesia
 m - a scroll of identify
 n - 5 scrolls of teleportation
 r - 2 scrolls of enchant weapon
 w - a scroll of immolation {unknown}
Potions
 d - 2 potions of brilliance
 f - 3 potions of haste
 j - 3 potions of lignification
 k - a potion of might
 u - a potion of mutation
Comestibles
 c - 9 rations


   Skills:
 + Level 4.7 Maces & Flails
 + Level 9.3 Armour
 - Level 2.1 Dodging
 - Level 2.0 Stealth
 - Level 5.3 Spellcasting
 + Level 9.5 Conjurations
 - Level 10.0 Air Magic


You had 4 spell levels left.
You knew the following spells:

 Your Spells              Type           Power        Failure   Level  Hunger
a - Shock                 Conj/Air       ####         1%          1    None
b - Swiftness             Chrm/Air       ###.....     6%          2    #......
c - Static Discharge      Conj/Air       #####...     1%          3    ##.....
d - Airstrike             Air            #####.....   4%          4    ####...
e - Lightning Bolt        Conj/Air       #####.....   16%         5    ######.

Your spell library contained the following spells:

 Spells                   Type           Power        Failure   Level  Hunger
 Magic Dart               Conj           ####         1%          1    None
 Mephitic Cloud           Conj/Pois/Air  ####....     6%          3    ##.....
 Conjure Flame            Conj/Fire      ###.....     13%         3    ##.....
 Dazzling Flash           Conj/Hex       ###...       13%         3    ##.....
 Corona                   Hex            #......      32%         1    None
 Blink                    Tloc           N/A          43%         2    #......
 Call Imp                 Summ           #.......     43%         2    #......
 Ensorcelled Hibernation  Hex/Ice        #.....       43%         2    #......
 Slow                     Hex            #.......     43%         2    #......
 Confusing Touch          Hex            #.......     67%         3    ##.....
 Tukima's Dance           Hex            #.......     67%         3    ##.....


Dungeon Overview and Level Annotations

Branches:
Dungeon (8/15)             Temple (1/1) D:7            Lair (0/6) D:10

Altars:
Cheibriados
Dithmenos
Fedhas
Kikubaaqudgha
Okawaru
Ru
Uskayaw
Vehumet
The Shining One


Innate Abilities, Weirdness & Mutations

You have a beak for a mouth.
You have claws for feet.
You can fly continuously.


Message History

You barely miss the komodo dragon.
You peck the komodo dragon, but do no damage.
The komodo dragon is severely wounded.
The komodo dragon bites you.
You hit the komodo dragon but do no damage.
You claw the komodo dragon.
The komodo dragon is severely wounded.
The komodo dragon bites you!
You hit the komodo dragon but do no damage.
You claw the komodo dragon, but do no damage.
The komodo dragon is severely wounded.
The komodo dragon bites you!
Throwing (i - inventory. (/) - cycle)
s - 44 poisoned darts (quivered)
Press: ? - help, Shift-Dir - straight line, f - komodo dragon
Aim: a komodo dragon (severely wounded, haloed)
You throw a poisoned dart.
The poisoned dart barely misses the komodo dragon.
The komodo dragon bites you!!
Ouch! That really hurt!
You die...

#PP...PPPPPP##########
#PP(>..PPP.P.........#
#PPP...PPP...........#
#PPPP)PP.............#
#PPPPP......#........#
##.P.......##........#
###.....####......[.#
###.##l...........#
#....@..........+
####............#
######..######
####.#### #.......#
#.......####
#...........
#.......#### #.......#


You could see a komodo dragon.

Vanquished Creatures
  2 hippogriffs (D:7)
  A yak (D:8)
  3 hogs (D:8)
  Eustachio (D:5)
  A human (D:8)
  Edmund (D:5)
  Duvessa (D:6)
  An orc warrior (D:7)
  An ice beast (D:7)
  2 black bears
  2 ogres
  3 centaurs
  A bullfrog (D:8)
  2 big kobolds
  A gnoll sergeant (D:8)
  2 scorpions
  Dowan (D:6)
  3 killer bees (D:8)
  A howler monkey (D:6)
  13 wights
  A centaur zombie (D:5)
  2 crimson imps
  2 bullfrog zombies
  A jelly (D:6)
  10 orc priests
  7 orc wizards
  2 hounds
  An iguana (D:4)
  9 worker ants
  3 hound zombies
  A hound skeleton (D:6)
  A worker ant zombie (D:7)
  A howler monkey zombie (D:8)
  5 gnolls (D:8)
  A howler monkey skeleton (D:5)
  8 adders
  A shadow imp (D:8)
  An ooze (D:4)
  3 worms
  5 dart slugs
  3 leopard geckos
  26 orcs
  10 bats
  6 giant cockroaches
  3 goblins
  8 hobgoblins
  10 jackals
  2 quokkas
  5 ball pythons
  6 frilled lizards
  A jackal skeleton (D:4)
  15 kobolds
  A quokka skeleton (D:4)
  A quokka zombie (D:8)
  10 rats
215 creatures vanquished.

Vanquished Creatures (others)
  2 plants (D:10)
2 creatures vanquished.

Grand Total: 217 creatures vanquished

Notes
Turn   | Place    | Note
-------+----------+-------------------------------------------
     0 | D:1      | kipponium the Tengu Air Elementalist began the quest for
                  | the Orb.
     0 | D:1      | Reached XP level 1. HP: 10/10 MP: 4/4
   406 | D:1      | Reached XP level 2. HP: 15/15 MP: 3/6
   664 | D:1      | Learned a level 2 spell: Swiftness
  1108 | D:1      | Reached skill level 5 in Air Magic
  1108 | D:1      | Reached XP level 3. HP: 19/19 MP: 3/7
  1213 | D:1      | Learned a level 3 spell: Static Discharge
  1731 | D:2      | Found an iron altar of Okawaru.
  2215 | D:2      | Reached XP level 4. HP: 14/24 MP: 1/9
  3822 | D:3      | Gained mutation: You can fly continuously. [Tengu growth]
  3822 | D:3      | Reached XP level 5. HP: 28/28 MP: 6/10
  4134 | D:3      | Learned a level 4 spell: Airstrike
  4365 | D:4      | Reached skill level 6 in Air Magic
  4468 | D:4      | Reached XP level 6. HP: 32/32 MP: 6/12
  4588 | D:4      | HP: 1/32 [orc priest/divine providence (10)]
  6012 | D:5      | Entered Level 5 of the Dungeon
  6237 | D:4      | Reached XP level 7. HP: 35/36 MP: 7/14
  6579 | D:5      | Noticed Edmund
  6604 | D:4      | Reached skill level 7 in Air Magic
  6775 | D:4      | Reached skill level 5 in Conjurations
  7180 | D:5      | Noticed Eustachio
  7304 | D:4      | Learned a level 5 spell: Lightning Bolt
  7312 | D:5      | Killed Eustachio
  7312 | D:5      | Reached skill level 5 in Spellcasting
  7426 | D:5      | Reached skill level 8 in Air Magic
  7675 | D:5      | Killed Edmund
  7675 | D:5      | Reached skill level 9 in Air Magic
  7675 | D:5      | Reached XP level 8. HP: 37/41 MP: 6/16
  7834 | D:5      | Found a sacrificial altar of Ru.
  8058 | D:6      | Reached skill level 1 in Armour
  8294 | D:6      | Reached skill level 10 in Air Magic
  8351 | D:6      | Reached skill level 1 in Maces & Flails
  8458 | D:6      | Noticed Dowan
  8461 | D:6      | Killed Dowan
  8461 | D:6      | Noticed Duvessa
  8670 | D:6      | Found a radiant altar of Vehumet.
  8671 | D:6      | Found a hide-covered altar of Uskayaw.
  9328 | D:6      | Killed Duvessa
  9328 | D:6      | Reached XP level 9. HP: 41/45 MP: 3/17
  9494 | D:6      | Reached skill level 5 in Armour
  9660 | D:7      | Found a staircase to the Ecumenical Temple.
  9706 | Temple   | Entered the Ecumenical Temple
  9731 | Temple   | Became a worshipper of the Shining One
  9882 | D:7      | Got a heavy robe
  9899 | D:7      | Identified the +0 robe of Wolirph {rCorr Stlth+} (You found
                  | it on level 7 of the Dungeon)
 10770 | D:7      | Reached * piety under the Shining One
 11530 | D:8      | Reached XP level 10. HP: 49/50 MP: 4/18
 11883 | D:8      | Reached ** piety under the Shining One
 12458 | D:8      | You are sucked into a shaft and drop 2 floors!
 12458 | D:10     | Entered Level 10 of the Dungeon
 12546 | D:10     | Found a staircase to the Lair.
 12573 | D:10     | Mangled by a komodo dragon

Levels and vault maps discovered:
D:1:      minmay_arrival_up_and_down, layout_loops_corners,
          chequers_serial_rivers_small_3, serial_bayou_pond_a
D:2:      layout_basic, old_standard_altar
D:3:      layout_rooms
D:4:      layout_loops_ring
D:5:      layout_cave_pools, nicolae_ru_the_path_less_chosen, first_ration,
          kennysheep_generic_room_3, uniq_edmund, uniq_eustachio
D:6:      layout_loops_ring, gammafunk_temple_overflow_pools,
          minmay_misc_feat_more_columns, serial_bayou_lagoon_b, uniq_duvessa
D:7:      layout_loops_ring, minmay_temple_entry_hall
D:8:      layout_basic, serial_rivers, chequers_serial_rivers_micro_c,
          chequers_serial_rivers_marsh, chequers_serial_rivers_micro_e,
          chequers_serial_rivers_room_a, chequers_serial_rivers_micro_d,
          grunt_livestock, minmay_ruffians
D:10:     layout_roguey, david_lair_shrubbed, orc_0_dummy,
          hangedman_abyss_or_decor_clamps, elyvilon_altar_5
Temple:   minmay_crystal_spiral_temple

Skill      XL: |  1  2  3  4  5  6  7  8  9 10 |
---------------+-------------------------------+-----
Air Magic      | 5 6 9 10 | 10.0
Conjurations   | 2 3 4 5 7 9 |  9.5
Spellcasting   | 3 4 5 |  5.3
Armour         | 4 8 9 |  9.3
Maces & Flails | 2 3 4 |  4.7
Dodging        | |  2.1
Stealth        | |  2.0

Action                   |  1- 3 |  4- 6 |  7- 9 | 10-12 || total
-------------------------+-------+-------+-------+-------++-------
Melee: Whip              |     9 |       |       |       ||     9
       Kick              |     2 |       |     8 |    10 ||    20
       Flail             |       |       |    26 |    30 ||    56
       Peck              |       |       |     3 |     7 ||    10
Throw: Dart              |       |       |    13 |     7 ||    20
 Cast: Shock             |    76 |   174 |   228 |    39 ||   517
       Swiftness         |       |     1 |     4 |       ||     5
       Static Discharge  |       |       |    36 |    17 ||    53
 Abil: Evoke Berserk Rag |     1 |       |       |       ||     1
       Fly               |       |     1 |       |       ||     1
Evoke: Wand              |       |       |     1 |       ||     1
  Use: Scroll            |       |       |    14 |     2 ||    16
       Potion            |       |       |     2 |       ||     2
  Eat: Chunk             |     5 |    10 |    17 |     3 ||    35
       Ration            |       |     1 |       |       ||     1
Armor: Robe              |     1 |     5 |       |       ||     6
       Ring mail         |       |       |    30 |    12 ||    42
       Skin              |       |       |     3 |       ||     3
Dodge: Dodged            |    11 |    33 |    73 |    28 ||   145
       Deflected         |       |     1 |    10 |       ||    11

Table legend:
 A = Non-vault XP
 B = Vault XP
 C = Vault XP percentage of total XP
 D = Non-vault monster count
 E = Vault monster count
 F = Vault count percentage of total count
                 A         B        C        D         E       F
            +---------+---------+-------+---------+---------+-------
      Total |    5067 |    1578 |  23.7 |     205 |      10 |   4.7
            +---------+---------+-------+---------+---------+-------
        D:1 |      40 |       0 |   0.0 |      21 |       0 |   0.0
        D:2 |      55 |       0 |   0.0 |      24 |       0 |   0.0
        D:3 |      96 |       0 |   0.0 |      29 |       0 |   0.0
        D:4 |     486 |       0 |   0.0 |      26 |       0 |   0.0
        D:5 |     314 |     391 |  55.5 |      15 |       3 |  16.7
        D:6 |     821 |     209 |  20.3 |      21 |       2 |   8.7
        D:7 |    1757 |       0 |   0.0 |      35 |       0 |   0.0
        D:8 |    1262 |     978 |  43.7 |      31 |       5 |  13.9
       D:10 |     236 |       0 |   0.0 |       3 |       0 |   0.0
            +---------+---------+-------+---------+---------+-------
